 Dungeon Crawl Stone Soup version 0.22.0-75-g3901e79 (webtiles) character file.

86369 robertstho the Severer (level 16, -1/110 HPs)
             Began as a Formicid Fighter on Sept 14, 2018.
             Was the Champion of Hepliaklqana.
             Slain by a fire elemental (12 damage)
             ... on level 1 of the Elven Halls.
             The game lasted 01:01:21 (20958 turns).

robertstho the Severer (Formicid Fighter)          Turns: 20958, Time: 01:01:21

Health: -1/110     AC: 26    Str: 27    XL:     16   Next: 34%
Magic:  0/22       EV:  5    Int:  8    God:    Hepliaklqana [******]
Gold:   544        SH: 19    Dex: 11    Spells: 15/15 levels left

rFire    x . .     SeeInvis +   H - +2 battleaxe (drain)
rCold    + . .     Gourm    .   R - +0 large shield
rNeg     . . .     Faith    .   w - +0 crystal plate armour
rPois    .         Spirit   +   (helmet unavailable)
rElec    .         Reflect  .   T - +1 cloak
rCorr    .         Harm     .   (no gloves)
MR       +....                  x - +0 pair of boots
Stlth    ..........             l - amulet of guardian spirit
HPRegen  0.28/turn              (no ring)
MPRegen  0.18/turn              M - ring of ice

@: drained
A: permanent stasis, dig shafts and tunnels, four strong arms, reduced essence,
antennae 3
a: Dig, Shaft Self, Recall Ancestor, Ancestor Identity, Transference, Idealise,
Renounce Religion


You were on level 1 of the Elven Halls.
You worshipped Hepliaklqana.
Hepliaklqana was exalted by your worship.
You were hungry.

You visited 5 branches of the dungeon, and saw 22 of its levels.
You also visited: Wizlab.

You collected 1780 gold pieces.
You spent 1236 gold pieces at shops.

Inventory:

Hand Weapons
 a - the +8 war axe "Rairem" {freeze, rPois rN+ Str+6 Int-5}
   (You found it on level 3 of the Lair of Beasts)

   It has been specially enchanted to freeze those struck by it, causing extra
   injury to most foes and up to half again as much damage against particularly
   susceptible opponents.
   It can also slow down cold-blooded creatures.
   It affects your strength (+6).
   It affects your intelligence (-5).
   It protects you from poison.
   It protects you from negative energy.
 d - a +2 short sword of flaming
 p - a +0 dire flail of protection
 t - a +6 battleaxe of freezing
 H - a +2 battleaxe of draining (weapon)
 N - the +6 great sword "Cautsetea" {slice, rElec}
   (You found it on level 3 of the Lair of Beasts)

   It inflicts extra damage upon your enemies.
   It insulates you from electricity.
Armour
 c - +0 swamp dragon scales
 w - a +0 crystal plate armour (worn)
 x - a +0 pair of boots (worn)
 R - a +0 large shield (worn)
 T - a +1 cloak (worn)
Jewellery
 l - an amulet of guardian spirit (around neck)
 o - an uncursed amulet of magic regeneration
 y - an uncursed ring of resist corrosion
 C - an uncursed ring of ice
 M - a ring of ice (right hand)
Wands
 q - a wand of flame (67)
 B - a wand of enslavement (27)
 E - a wand of acid (3)
Scrolls
 b - a scroll of silence {unknown}
 e - 2 scrolls of holy word {unknown}
 g - 5 scrolls of magic mapping {unknown}
 h - 6 scrolls of enchant armour {unknown}
 k - a scroll of immolation {unknown}
 n - 3 scrolls of random uselessness {unknown}
 r - 6 scrolls of identify
 u - 10 scrolls of remove curse
 A - a scroll of fog
 G - a scroll of summoning {unknown}
 J - a scroll of brand weapon
 L - a scroll of enchant weapon {unknown}
 P - a scroll of acquirement {unknown}
 Q - a scroll of torment {unknown}
Potions
 m - 2 potions of ambrosia
 s - 4 potions of agility
 v - 2 potions of lignification
 z - 5 potions of curing
 D - 4 potions of flight
 F - 2 potions of cancellation
 K - a potion of brilliance
Miscellaneous
 I - a phial of floods (inert)
Comestibles
 f - 32 rations


   Skills:
 + Level 10.4(9.7) Fighting
 + Level 1.3(0.7) Short Blades
 * Level 18.6(17.7) Axes
 * Level 13.8(13.0) Armour
 + Level 1.0(0.4) Dodging
 + Level 2.1(1.5) Stealth
 + Level 12.2(11.4) Shields
 * Level 8.1(7.4) Invocations
 + Level 0.2(0.0) Evocations


You had 15 spell levels left.
You didn't know any spells.
Your spell library contained the following spells:

 Spells                   Type           Power        Failure   Level  Hunger
 Animate Skeleton         Necr           N/A          100%        1    ##.....
 Corona                   Hex            #......      100%        1    ##.....
 Flame Tongue             Conj/Fire      #....        100%        1    ##.....
 Freeze                   Ice            #...         100%        1    ##.....
 Magic Dart               Conj           #...         100%        1    ##.....
 Pain                     Necr           #...         100%        1    ##.....
 Ensorcelled Hibernation  Hex/Ice        #.....       100%        2    ###....
 Searing Ray              Conj           #.....       100%        2    ###....
 Shroud of Golubria       Chrm/Tloc      #.........   100%        2    ###....
 Throw Flame              Conj/Fire      #.....       100%        2    ###....
 Throw Frost              Conj/Ice       #.....       100%        2    ###....
 Confuse                  Hex            #.......     100%        3    ####...
 Conjure Flame            Conj/Fire      #.......     100%        3    ####...
 Dazzling Spray           Conj/Hex       #.....       100%        3    ####...
 Inner Flame              Hex/Fire       #.......     100%        3    ####...
 Ozocubu's Armour         Chrm/Ice       #.......     100%        3    ####...
 Regeneration             Chrm/Necr      #.........   100%        3    ####...
 Teleport Other           Tloc           #.......     100%        3    ####...
 Tukima's Dance           Hex            #.......     100%        3    ####...
 Vampiric Draining        Necr           #.........   100%        3    ####...
 Animate Dead             Necr           N/A          100%        4    #####..
 Force Lance              Conj/Tloc      #.......     100%        4    #####..
 Fulminant Prism          Conj/Hex       #.........   100%        4    #####..
 Iskenderun's Mystic Bla  Conj           #.......     100%        4    #####..
 Sticky Flame             Conj/Fire      #.......     100%        4    #####..
 Summon Ice Beast         Ice/Summ       #.......     100%        4    #####..
 Throw Icicle             Conj/Ice       #.......     100%        4    #####..
 Fireball                 Conj/Fire      #.........   100%        5    ######.
 Bolt of Cold             Conj/Ice       #.........   100%        6    #######


Dungeon Overview and Level Annotations

Branches:
Dungeon (12/15)            Temple (1/1) D:6            Lair (6/6) D:9
 Shoals (0/4) Lair:2        Snake (0/4) Lair:4        Slime (0/5) Lair:5
    Orc (2/2) D:9             Elf (1/3) Orc:2

Altars:
Cheibriados
Dithmenos
Fedhas
Gozag
Hepliaklqana
Kikubaaqudgha
Makhleb
Nemelex Xobeh
Qazlal
Trog
Uskayaw
Vehumet
Wu Jian
Xom
Yredelemnul
Zin
Jiyva

Shops:
D:12 (%!   Orc:2 =*%!   Elf:1 :(

Portals:
Trove: Elf:1 (give 17 potions of curing)

Annotations:
D:4 3 runed doors, BillboardScrotey's ghost, amateur GrFE
D:7 3 runed doors, frimble's ghost, novice MfSk
D:12 2 runed doors


Innate Abilities, Weirdness & Mutations

You cannot be hasted, slowed, berserked, paralysed or teleported.
You can dig through walls and to a lower floor.
Your four strong arms can wield two-handed weapons with a shield.
You have a pair of large antennae on your head. (SInv)
Your life essence is reduced to manifest your ancestor. (-10% HP)


Message History

The dream sheep is moderately wounded.
You closely miss the dream sheep.
The dream sheep is moderately wounded.
Octavia emerges from the mists of memory!
The dream sheep ruffles its wool and motes of dream dust sparkle, to no effect.
Things that are here:
a long sword; a leather armour; an elf corpse You swap places.
The dream sheep barely misses Octavia.
Octavia hits the dream sheep with a quarterstaff!
The dream sheep ruffles its wool and motes of dream dust sparkle, to no effect.
The deep elf mage casts a spell.
Octavia barely misses the dream sheep.
The dream sheep shakes its wool and sparkles.
You feel drowsy...
You fall asleep.
The deep elf mage casts a spell.
The deep elf mage blinks!
Octavia hits the dream sheep but does no damage.
The dream sheep closely misses Octavia.
The fire elemental hits you.
You wake up.
The fire elemental burns you! The fire burns you terribly!
You die...

... ##+### #..{# ###.###
...##.....## ###?###### #.....##
..##.......## ##'....#
.......##..#.........# #{E....
........##.#.........# ##§.....
...∩.....###........4#####.......
..........##........§')e.e.......
..........#........§Y#####{......
...#........#...@E§R## ##>.....
..........##+#.....## ##'..)..
..........# ####### ##)##...#
...∩.....## ### ##.####+##
........## ##.###.## .......##
##...#'## #.....##... ##..♣..##
###.###.... #..♣8♣..# ...........
##..♣..##


You could see the friendly Octavia the battlemage, an orange demon, a deep elf
mage (invisible), a fire elemental and a dream sheep shaped shifter.

Vanquished Creatures
  The ghost of ultracola the Markscentaur, an adept CeHu of Okawaru (Orc:2)
  A deep elf sorcerer (Elf:1)
  A deep elf elementalist (Elf:1)
  A minotaur (Orc:2)
  The ghost of robertstho the Cleaver, a journeyman DsFi of Hepliaklqana (Lair:4)
  A fire dragon (Lair:6)
  2 ogre magi (Orc:2)
  A hydra (Lair:5)
  8 two-headed ogres
  A queen ant (Lair:2)
  A centaur warrior (D:11)
  An alligator (Lair:4)
  3 dancing weapons (Elf:1)
  2 deep elf knights (Elf:1)
  A deep troll (Orc:2)
  4 deep elf archers (Elf:1)
  A swamp dragon (Lair:6)
  2 orc sorcerers (Orc:2)
  An orc knight (Orc:2)
  A cyclops (Orc:2)
  12 deep elf magi (Elf:1)
  4 oklob plants
  A manticore (D:11)
  16 elephants
  9 black mambas
  A guardian serpent (Lair:6)
  7 spiny frogs
  4 rime drakes
  A kobold demonologist (D:12)
  7 komodo dragons
  6 trolls
  2 hornets (Lair:6)
  A merfolk (Lair:2)
  10 blink frogs
  15 dream sheep
  A meliai zombie (D:10)
  A slime creature (D:12)
  8 hippogriffs
  3 air elementals (Elf:1)
  A redback (Lair:6)
  2 water elementals (Elf:1)
  A shadow (D:11)
  9 wyverns
  A hog (D:7)
  A human (D:7)
  A basilisk (Lair:6)
  24 yaks
  An acid dragon (Lair:6)
  12 water moccasins
  14 soldier ants (Lair:2)
  2 porcupines
  A swamp drake (Lair:6)
  11 orc warriors
  3 black bears
  3 sky beasts
  23 ogres
  4 wolves (Lair:1)
  3 centaurs
  A big kobold (D:9)
  15 crocodiles
  A wyvern zombie (D:9)
  An earth elemental (Elf:1)
  11 bullfrogs
  2 scorpions (D:8)
  6 killer bees
  2 wights (D:12)
  An electric eel (Lair:2)
  4 howler monkeys
  A bullfrog zombie (D:11)
  A crimson imp (D:8)
  A centaur zombie (D:10)
  7 hounds
  5 jellies
  9 orc priests
  A centaur skeleton (D:10)
  4 iguanas
  14 orc wizards
  15 worker ants
  2 hound zombies
  A hound skeleton (D:10)
  Robin (D:2)
  10 adders
  6 gnolls
  4 shadow imps
  An ooze (D:5)
  An adder skeleton (D:8)
  3 worms
  A dart slug (D:3)
  3 leopard geckos
  52 orcs
  7 bats
  3 giant cockroaches
  14 goblins
  5 hobgoblins (D:2)
  2 jackals (D:10)
  10 quokkas
  4 frilled lizards
  9 kobolds
  A leopard gecko skeleton (D:6)
  A leopard gecko zombie (D:8)
  2 quokka skeletons
  8 rats
  4 fungi
  6 plants
524 creatures vanquished.

Vanquished Creatures (collateral kills)
  3 hydras
  A dancing weapon (Elf:1)
  2 two-headed ogres
  2 deep elf knights (Elf:1)
  A deep troll (Orc:2)
  A wizard (D:11)
  An orc knight (D:11)
  4 deep elf magi (Elf:1)
  A wolf spider (Lair:6)
  A cyclops (Orc:2)
  6 elephants
  2 black mambas (Lair:6)
  A spiny frog (Lair:6)
  A komodo dragon (Lair:2)
  2 rime drakes
  4 trolls
  4 blink frogs
  A hippogriff (Lair:5)
  2 slime creatures (D:12)
  2 redbacks (Lair:6)
  3 wyverns
  2 yaks
  A fire elemental (Elf:1)
  A basilisk (Lair:1)
  An acid dragon (Lair:6)
  2 water moccasins
  6 soldier ants (Lair:2)
  A porcupine (Lair:1)
  A sky beast (D:6)
  2 orc warriors
  An ice beast (D:11)
  A swamp drake (Lair:6)
  4 ogres
  A centaur (D:9)
  2 wolves (Lair:1)
  3 crocodiles
  2 bullfrogs
  An earth elemental (Elf:1)
  A scorpion (D:8)
  A wight (D:12)
  2 hounds (D:9)
  2 orc priests
  A gnoll shaman (D:9)
  3 orc wizards
  An iguana (D:7)
  5 worker ants (Lair:2)
  2 hound skeletons
  An adder (D:8)
  A shadow imp (D:12)
  A leopard gecko (D:7)
  10 orcs
  2 jackals (D:10)
  A quokka (D:11)
  4 kobolds (D:9)
  A plant (Lair:6)
116 creatures vanquished.

Vanquished Creatures (others)
  A deep elf mage (Elf:1)
  21 battlemagi
  An ancestor (D:7)
  27 fungi
  44 plants
94 creatures vanquished.

Grand Total: 734 creatures vanquished

Notes
Turn   | Place    | Note
-------+----------+-------------------------------------------
     0 | D:1      | robertstho the Formicid Fighter began the quest for the
                  | Orb.
     0 | D:1      | Reached XP level 1. HP: 18/18 MP: 1/1
   315 | D:1      | Reached XP level 2. HP: 21/24 MP: 2/2
   662 | D:2      | Reached XP level 3. HP: 18/30 MP: 3/3
   672 | D:2      | Reached XP level 4. HP: 24/37 MP: 4/4
   733 | D:2      | Noticed Robin
   781 | D:2      | Killed Robin
   785 | D:2      | HP: 1/37 [leopard gecko (2)]
   786 | D:2      | Reached skill level 3 in Axes
  1271 | D:2      | Reached XP level 5. HP: 35/42 MP: 5/5
  1856 | D:3      | Reached skill level 4 in Axes
  2083 | D:3      | Reached XP level 6. HP: 48/48 MP: 6/6
  2620 | D:4      | Reached skill level 5 in Axes
  2627 | D:4      | Reached XP level 7. HP: 11/54 MP: 7/7
  2874 | D:4      | Found a runed gate.
  2874 | D:4      | Found a runed gate.
  2875 | D:4      | Found a runed gate.
  2881 | D:4      | Noticed BillboardScrotey's ghost (amateur GrFE)
  3563 | D:5      | Entered Level 5 of the Dungeon
  3687 | D:5      | Reached skill level 5 in Armour
  3689 | D:5      | Reached skill level 6 in Axes
  3818 | D:5      | Reached skill level 5 in Shields
  3818 | D:5      | Reached XP level 8. HP: 54/61 MP: 8/8
  3830 | D:5      | Found a snail-covered altar of Cheibriados.
  4467 | D:6      | Reached skill level 7 in Axes
  4519 | D:6      | Reached skill level 1 in Dodging
  4663 | D:6      | Found a staircase to the Ecumenical Temple.
  4671 | Temple   | Entered the Ecumenical Temple
  4967 | Temple   | Became a worshipper of Hepliaklqana the Forgotten
  5007 | D:6      | Reached XP level 9. HP: 40/60 MP: 9/9
  5025 | D:6      | Reached skill level 8 in Axes
  5028 | D:6      | Found a blossoming altar of Fedhas.
  5267 | D:7      | Reached skill level 5 in Fighting
  5463 | D:7      | Found a runed gate.
  5463 | D:7      | Found a runed gate.
  5466 | D:7      | Found a runed gate.
  5469 | D:7      | Noticed frimble's ghost (novice MfSk)
  5534 | D:7      | Reached skill level 9 in Axes
  5823 | D:7      | Reached * piety under Hepliaklqana
  6734 | D:8      | Reached XP level 10. HP: 36/66 MP: 10/10
  6747 | D:8      | Reached skill level 10 in Axes
  6998 | D:8      | Reached skill level 1 in Stealth
  7220 | D:8      | Found a shimmering altar of Xom.
  7222 | D:8      | Found a burning altar of Makhleb.
  7222 | D:8      | Found a glowing silver altar of Zin.
  7224 | D:8      | Found an ancient bone altar of Kikubaaqudgha.
  7224 | D:8      | Found a hide-covered altar of Uskayaw.
  7224 | D:8      | Found a hazy altar of Hepliaklqana.
  7528 | D:9      | Reached ** piety under Hepliaklqana
  7530 | D:9      | Found a staircase to the Lair.
  7537 | D:9      | Remembered your ancestor Octavia as a battlemage
  7624 | D:9      | Found a staircase to the Orcish Mines.
  7716 | D:9      | Noticed a two-headed ogre
  7717 | D:9      | Noticed a two-headed ogre
  7772 | D:9      | You fall through a shaft for 3 floors!
  7902 | D:12     | Found a runed door.
  7902 | D:12     | Noticed a fire dragon
  7902 | D:12     | Noticed an ice dragon
  7902 | D:12     | Noticed a fire dragon
  7903 | D:12     | Found the +2 shield of Resistance {rF+ rC+ MR+}
  7903 | D:12     | Noticed an ice dragon
  7904 | D:12     | Found a runed door.
  7997 | D:12     | Reached skill level 11 in Axes
  8005 | D:12     | Found Ova Pioziom's Distillery.
  8008 | D:12     | Found Mino's Food Emporium.
  8013 | D:12     | Bought a potion of agility for 52 gold pieces
  8013 | D:12     | Bought a potion of flight for 39 gold pieces
  8013 | D:12     | Bought a potion of degeneration for 13 gold pieces
  8013 | D:12     | Bought a potion of lignification for 39 gold pieces
  8013 | D:12     | Bought a potion of curing for 39 gold pieces
  8013 | D:12     | Bought a potion of curing for 39 gold pieces
  8013 | D:12     | Bought a potion of cancellation for 104 gold pieces
  8013 | D:12     | Bought a potion of berserk rage for 65 gold pieces
  8030 | D:12     | Found Cuufrei's Antique Weapon Boutique.
  8222 | D:11     | Noticed a centaur warrior
  8238 | D:11     | Killed a centaur warrior
  8238 | D:11     | Reached XP level 11. HP: 51/72 MP: 11/11
  8404 | D:11     | Noticed a wizard
  8473 | D:12     | Reached skill level 12 in Axes
  8561 | D:11     | Killed a wizard
  8667 | D:11     | Reached *** piety under Hepliaklqana
  8828 | D:11     | Noticed a manticore
  8834 | D:11     | Killed a manticore
  8868 | D:11     | Noticed an orc knight
  8881 | D:11     | Killed an orc knight
  9357 | D:10     | Entered Level 10 of the Dungeon
  9611 | D:10     | Reached skill level 13 in Axes
  9842 | D:10     | Reached **** piety under Hepliaklqana
 10206 | D:9      | Killed a two-headed ogre
 10231 | D:9      | Killed a two-headed ogre
 10231 | D:9      | Reached XP level 12. HP: 65/80 MP: 12/12
 10544 | Lair:1   | Entered Level 1 of the Lair of Beasts
 10630 | Lair:1   | Reached skill level 10 in Armour
 10918 | Lair:1   | Reached skill level 14 in Axes
 11662 | Lair:2   | Noticed a queen ant
 11677 | Lair:2   | Killed a queen ant
 12148 | Lair:2   | Reached skill level 15 in Axes
 12193 | Lair:2   | Noticed a six-headed hydra
 12199 | Lair:2   | Killed a six-headed hydra
 12199 | Lair:2   | Reached XP level 13. HP: 69/88 MP: 13/13
 12270 | Lair:2   | Found a staircase to the Shoals.
 12397 | Lair:2   | Reached ***** piety under Hepliaklqana
 12674 | Lair:3   | Got a twisted war axe
 12675 | Lair:3   | Identified the +8 war axe "Rairem" {freeze, rPois rN+ Str+6
                  | Int-5} (You found it on level 3 of the Lair of Beasts)
 12726 | Lair:3   | Got a transparent great sword
 13157 | Lair:4   | Reached skill level 1 in Invocations
 13692 | Lair:4   | Found a staircase to the Snake Pit.
 13778 | Lair:4   | Noticed robertstho's ghost (journeyman DsFi)
 13779 | Lair:4   | Found a runed gate.
 13779 | Lair:4   | Found a runed gate.
 13779 | Lair:4   | Found a runed gate.
 14404 | Lair:4   | Killed robertstho's ghost
 14418 | Lair:4   | Reached skill level 10 in Shields
 14671 | Lair:5   | Found a radiant altar of Vehumet.
 14699 | Lair:5   | Reached skill level 16 in Axes
 14700 | Lair:5   | Noticed a five-headed hydra
 14736 | Lair:5   | Killed a five-headed hydra
 14736 | Lair:5   | Reached XP level 14. HP: 17/95 MP: 16/16
 14774 | Lair:5   | Identified the +6 great sword "Cautsetea" {slice, rElec}
                  | (You found it on level 3 of the Lair of Beasts)
 14780 | Lair:5   | You fall through a shaft!
 14780 | Lair:6   | Entered Level 6 of the Lair of Beasts
 14828 | Lair:6   | HP: 4/95 [komodo dragon (4)]
 15564 | Lair:6   | Reached skill level 1 in Short Blades
 15564 | Lair:6   | Reached skill level 5 in Invocations
 16235 | Lair:6   | Reached skill level 17 in Axes
 16463 | Lair:6   | Reached XP level 15. HP: 42/102 MP: 19/19
 17055 | Lair:5   | Found a staircase to the Slime Pits.
 17055 | Lair:5   | Found a viscous altar of Jiyva.
 17617 | Lair:5   | Reached ****** piety under Hepliaklqana
 17830 | Orc:1    | Entered Level 1 of the Orcish Mines
 17957 | Orc:2    | Entered Level 2 of the Orcish Mines
 17957 | Orc:2    | Found a staircase to the Elven Halls.
 18060 | Orc:2    | Found a runed gate.
 18061 | Orc:2    | Found a runed gate.
 18062 | Orc:2    | Found a runed gate.
 18087 | Orc:2    | Found Tidwuom's Distillery.
 18120 | Orc:2    | Reached skill level 10 in Fighting
 18146 | Orc:2    | Found Xetoyrag's Food Shop.
 18177 | Orc:2    | Reached skill level 18 in Axes
 18390 | Orc:2    | Found Waptout's Assorted Antiques.
 18392 | Orc:2    | Bought a potion of resistance for 140 gold pieces
 18392 | Orc:2    | Bought a potion of curing for 42 gold pieces
 18399 | Orc:2    | Found Tiumaumi's Jewellery Boutique.
 18403 | Orc:2    | Bought a scroll of identify for 54 gold pieces
 18403 | Orc:2    | Bought a potion of curing for 81 gold pieces
 18403 | Orc:2    | Bought a scroll labeled NEOM DIH BUINE for 27 gold pieces
 18403 | Orc:2    | Bought a glowing cloak for 202 gold pieces
 18419 | Orc:2    | Bought an uncursed amulet of guardian spirit for 300 gold
                  | pieces
 18445 | Orc:2    | Noticed ultracola's ghost (adept CeHu)
 18900 | Orc:2    | Killed ultracola's ghost
 19221 | Orc:2    | Identified the Catalogue of the Warped Glacier
 19263 | Elf:1    | Entered Level 1 of the Elven Halls
 19376 | Elf:1    | Reached XP level 16. HP: 34/109 MP: 10/21
 19498 | Elf:1    | Found a portal to a secret trove of treasure.
 19544 | Elf:1    | Found Aqyrew's Antique Weapon Shoppe.
 19544 | Elf:1    | Found Binlius's Book Emporium.
 19680 | Elf:1    | Found a magical portal.
 19688 | WizLab   | Entered Wucad Mu's Monastery
 19745 | WizLab   | Noticed a grey draconian monk
 19825 | WizLab   | Noticed a grey draconian monk
 19949 | WizLab   | HP: 4/110 [monstrous demonspawn[old memories] (7)]
 19974 | WizLab   | Noticed a grey draconian monk
 20002 | WizLab   | Noticed a grey draconian monk
 20893 | Elf:1    | Noticed a deep elf sorcerer
 20933 | Elf:1    | Killed a deep elf sorcerer
 20946 | Elf:1    | HP: 3/110 [deep elf mage/bolt of lightning (17)]
 20958 | Elf:1    | Slain by a fire elemental

Skill      XL: |  1  2  3  4  5  6  7  8  9 10 11 12 13 14 15 16 |
---------------+-------------------------------------------------+-----
Armour         | 4 5 6 7 8 9 10 12 13 | 13.8
Shields        | 4 5 6 7 8 10 11 12 | 12.2
Fighting       | 4 5 6 7 8 9 10 | 10.4
Axes           | 3 4 5 6 7 9 11 13 15 16 17 18 | 18.6
Dodging        | 1 |  1.0
Stealth        | 1 2 |  2.1
Invocations    | 3 6 7 8 |  8.1
Short Blades   | 1 |  1.3
Evocations     | |  0.2

Action                   |  1- 3 |  4- 6 |  7- 9 | 10-12 | 13-15 | 16-18 || total
-------------------------+-------+-------+-------+-------+-------+-------++-------
Melee: War axe           |    52 |   198 |   359 |   115 |   159 |       ||   883
       Battleaxe         |       |       |       |   383 |   511 |   239 ||  1133
       Short sword       |       |       |       |     3 |    32 |       ||    35
       Great sword       |       |       |       |       |     3 |       ||     3
Invok: Ancestor Life: Ba |       |       |       |     1 |       |       ||     1
       Idealise          |       |       |       |       |     1 |       ||     1
       Recall Ancestor   |       |       |       |       |     1 |       ||     1
 Abil: Shaft Self        |       |       |       |     1 |     1 |       ||     2
       Dig               |       |       |       |       |     2 |       ||     2
Evoke: Phial of floods   |       |       |       |     1 |     1 |     1 ||     3
       Wand              |       |       |       |       |     2 |       ||     2
       Box of beasts     |       |       |       |       |     1 |     1 ||     2
  Use: Potion            |       |     1 |     4 |     2 |    10 |    10 ||    27
       Scroll            |       |       |    10 |     3 |     7 |       ||    20
 Stab: Distracted        |       |       |     2 |     6 |     7 |     1 ||    16
  Eat: Chunk             |       |     6 |    10 |    19 |    14 |     1 ||    50
       Ration            |       |       |     1 |       |     3 |     1 ||     5
Armor: Scale mail        |    23 |    77 |     4 |       |       |       ||   104
       Chain mail        |       |       |    22 |       |       |       ||    22
       Crystal plate arm |       |       |   191 |   289 |   392 |   184 ||  1056
Dodge: Dodged            |    17 |    58 |    47 |    80 |   123 |    56 ||   381
Block: Shield            |    29 |   122 |   190 |   290 |   238 |       ||   869
       Large shield      |       |       |       |       |   252 |   284 ||   536
       Rpst.: Great sword |       |       |       |       |     1 |       ||     1
